 Dungeon Crawl Stone Soup version 0.17.2-1-ge4368a0 (webtiles) character file.

43 epen the Ruffian (level 3, 0/29 HPs)
             Began as a Formicid Monk on Sept 27, 2016.
             Slain by a gnoll
             ... wielding a +0 halberd
              (8 damage)
             ... on level 2 of the Dungeon.
             The game lasted 00:01:32 (1581 turns).

epen the Ruffian (Formicid Monk)                    Turns: 1581, Time: 00:01:32

Health: 0/29       AC:  8    Str: 12    XL:     3   Next: 82%
Magic:  3/3        EV: 11    Int: 10    God:
Gold:   82         SH:  0    Dex: 13    Spells: 0 memorised, 2 levels left

rFire  . . .     SeeInvis +       - Unarmed
rCold  . . .     Clarity  .     q - +0 ring mail {MR+}
rNeg   . . .     SustAt   .     (no shield)
rPois  .         Gourm    .     (helmet unavailable)
rElec  .         Spirit   .     g - +0 cloak
rCorr  .         Warding  .     w - +0 pair of gloves
rMut   .         Stasis   +     h - +0 pair of boots
MR     +....                    (no amulet)
Stlth  +.........               (no ring)
                                u - -3 ring of strength (curse)

@: somewhat resistant to hostile enchantments, very unstealthy
A: permanent stasis, dig shafts and tunnels, four strong arms, antennae 3
a: Dig, Shaft Self


You were on level 2 of the Dungeon.
You were very hungry.

You visited 1 branch of the dungeon, and saw 2 of its levels.

You collected 82 gold pieces.

Inventory:

Armour
 a - a +0 robe
 g - a +0 cloak (worn)
 h - a +0 pair of boots (worn)
 q - a +0 ring mail of magic resistance (worn)
 w - a +0 pair of gloves (worn)
Jewellery
 u - a cursed -3 ring of strength (left hand)
Scrolls
 e - 2 scrolls of remove curse {unknown}
 f - 2 scrolls of identify {unknown}
 i - a scroll of enchant weapon {unknown}
 j - a scroll of enchant armour {unknown}
 k - 2 scrolls of immolation {unknown}
 l - a scroll of fear {unknown}
 n - a scroll of teleportation {unknown}
 o - a scroll of magic mapping {unknown}
 p - a scroll of amnesia {unknown}
Potions
 c - a potion of degeneration {unknown}
 r - a potion of poison {unknown}
 s - a potion of magic {unknown}
 t - a potion of agility {unknown}
Comestibles
 b - 2 bread rations
 d - 9 fruits
 m - a meat ration
 v - a slice of pizza


   Skills:
 + Level 3.4 Fighting
 * Level 3.4 Dodging
 - Level 2.4 Stealth
 * Level 4.5 Unarmed Combat


You had 2 spell levels left.
You didn't know any spells.

Dungeon Overview and Level Annotations

Branches:
Dungeon (2/15)

Altars:
Nemelex Xobeh


Innate Abilities, Weirdness & Mutations

You are under a permanent stasis effect.
You can dig through walls and to a lower floor.
Your four strong arms can wield two-handed weapons with a shield.
You have a pair of large antennae on your head (SInv).


Message History

The gnoll shouts!
You hit the gnoll.
The gnoll is moderately wounded.
The gnoll barely misses you. The gnoll hits you with a halberd!
You closely miss the gnoll.
The gnoll is moderately wounded.
The gnoll hits you but does no damage.
You hit the gnoll.
The gnoll is moderately wounded.
The gnoll hits you with a halberd.
The gnoll hits you from afar with a spear.
You hit the gnoll but do no damage.
The gnoll is moderately wounded.
The gnoll hits you with a halberd!
* * * LOW HITPOINT WARNING * * *
The gnoll hits you but does no damage.
You hit the gnoll.
The gnoll is heavily wounded.
The gnoll hits you with a halberd!
You die...

..(.#......#
>...#......# #.#
#...#......# #.#
##..####.### #.#
##..# #.# #..
....####'#######g#
###..#........##g#
#..#........##g#
#..#....)...##@#
#..#........##.#
##.###'#######.#
####..##.# #.#
......##.#######.#
......#.......##.#
..............##.#
..............##.#
..............##.#


You could see 3 gnolls.

Vanquished Creatures
  An adder (D:2)
  An ooze (D:2)
  6 bats
  4 goblins
  4 hobgoblins
  6 kobolds
  A quokka (D:2)
  2 giant newts
  3 rats
28 creatures vanquished.

Notes
Turn   | Place    | Note
--------------------------------------------------------------
     0 | D:1      | epen the Formicid Monk began the quest for the Orb.
     0 | D:1      | Reached XP level 1. HP: 18/18 MP: 1/1
   352 | D:1      | Reached XP level 2. HP: 24/24 MP: 2/2
   377 | D:1      | Found a sparkling altar of Nemelex Xobeh.
  1059 | D:2      | Reached XP level 3. HP: 24/29 MP: 3/3
  1581 | D:2      | Slain by a gnoll

Action                   || total
-------------------------++-------
Melee: Unarmed           ||    96
 Stab: Sleeping          ||     4
  Eat: Chunk             ||     1
